AoeStats
← [GDL] Maldito Pantoja

Nomad

508750457Analyzed
4v4 RM · 8d ago on Sep 23, 2026· 52m 57s· 8 players
Game mode
Random Map
Map size
231×231
Population
200
Speed
Normal
Resources
Standard
Victory
Conquest
Starting age
Dark Age
Ending age
Imperial Age
RankedLock teamsTeams togetherTeam positionsShared explorationLock speedFull tech treeHidden civsTurbo modeCheats
Victory
Defeat
🇧🇷 Vietnamese · Brazil
1304
+12
🇺🇸 Goths · United States
1265
+13
🇨🇦 Persians · Canada
1254
+14
🇲🇽 Maya · Mexico
1208
+16
🇺🇾 Vikings · Uruguay
1255
-15
🇺🇾 Persians · Uruguay
1232
-15
🇦🇷 Teutons · Argentina
1214
-14
🇺🇾 Byzantines · Uruguay
1137
-11
Duckcat
13:12 Feudal Age
13:53 Loom
14:58 Double-Bit Axe
15:41 Fletching
17:07 Wheelbarrow
16:19 Town Watch
17:00 Gold Mining
18:05 Loom
21:02 Castle Age
19:28 Horse Collar
20:49 Scale Barding Armor
21:33 Wheelbarrow
21:16 Crossbowman
22:22 Forging
22:29 Bow Saw
25:21 Chain Barding Armor
28:18 Bloodlines
29:52 Kamandaran
36:28 Imperial Age
34:34 Bodkin Arrow
36:31 Hand Cart
37:53 Conscription
39:23 Chemistry
38:42 Cavalier
39:38 Husbandry
41:49 Iron Casting
41:45 Ballistics
42:08 Thumb Ring
46:28 Plate Barding Armor
47:09 Savar
52:45 Blast Furnace
Magnificent Bastard
7:02 Loom
13:52 Feudal Age
14:34 Double-Bit Axe
15:10 Town Watch
18:36 Castle Age
16:59 Stone Mining
17:01 Fishing Lines
17:42 Gold Mining
18:07 Forging
17:58 Scale Mail Armor
19:28 Bow Saw
23:36 Iron Casting
24:34 Chain Mail Armor
26:00 Squires
28:14 Pikeman
30:16 Horse Collar
33:04 Wheelbarrow
37:32 Fletching
39:15 Bodkin Arrow
42:32 Imperial Age
44:52 Halberdier
48:28 Blast Furnace
49:41 Conscription
49:25 Anarchy
Uhtred_of_Bebbamburg
2:55 Loom
10:24 Loom
12:42 Feudal Age
14:43 Fletching
17:52 Castle Age
16:28 Double-Bit Axe
16:57 Town Watch
26:17 Bow Saw
32:54 Wheelbarrow
33:27 Horse Collar
35:21 Scale Mail Armor
35:32 Forging
36:23 Squires
36:49 Bodkin Arrow
36:55 Padded Archer Armor
37:48 Ballistics
38:43 Leather Archer Armor
38:52 Hand Cart
42:23 Imperial Age
40:31 Chain Mail Armor
40:51 Iron Casting
42:24 Chain Mail Armor
42:45 Iron Casting
42:58 Hand Cart
44:06 Chemistry
43:20 Masonry
43:19 Elite Fire Lancer
44:38 Plate Mail Armor
44:30 Arson
45:42 Bracer
48:35 Paper Money
50:05 Coinage
49:30 Treadmill Crane
49:58 Siege Engineers
52:24 Elite Rattan Archer
53:40 Hoardings
[GDL] Maldito Pantoja
3:22 Loom
13:42 Feudal Age
18:11 Castle Age
22:06 Padded Archer Armor
23:45 Fletching
44:25 Wheelbarrow
43:53 Gold Mining
43:49 Double-Bit Axe
44:47 Stone Mining
45:09 Bow Saw
45:54 Hand Cart
45:32 Stone Mining
45:23 Horse Collar
46:51 Leather Archer Armor
47:40 Thumb Ring
48:24 Bodkin Arrow
48:44 Leather Archer Armor
50:52 Ballistics
BoxStars
14:18 Feudal Age
13:09 Loom
18:26 Double-Bit Axe
18:37 Horse Collar
21:13 Castle Age
21:53 Bloodlines
22:06 Gold Mining
22:35 Bow Saw
23:28 Heavy Plow
23:43 Scale Barding Armor
23:51 Forging
23:44 Fishing Lines
26:39 Wheelbarrow
26:42 Chain Barding Armor
31:02 Iron Casting
32:18 Stone Mining
33:15 Iron Casting
35:54 Stone Shaft Mining
42:30 Scale Mail Armor
43:45 Gillnets
51:49 Fletching
Zakk El Rabdomante
11:25 Loom
13:37 Feudal Age
14:16 Fishing Lines
19:21 Castle Age
17:53 Fletching
18:07 Double-Bit Axe
21:34 Town Watch
23:54 Bodkin Arrow
25:19 Scale Mail Armor
25:43 Gillnets
26:13 Scale Mail Armor
28:07 Bow Saw
30:24 Gold Mining
30:54 Chain Mail Armor
31:07 Ballistics
36:00 Imperial Age
34:12 Forging
33:59 Man-at-Arms
35:29 Iron Casting
35:09 Horse Collar
35:47 Squires
35:41 Pikeman
36:53 Masonry
38:09 Plate Mail Armor
37:16 Long Swordsman
38:11 Capped Ram
39:21 Arson
39:25 Elite Varangian Guard
40:30 Heavy Plow
41:56 Two-Man Saw
42:31 Siege Ram
45:35 Conscription
46:28 Blast Furnace
46:15 Treadmill Crane
47:06 Architecture
46:41 Siege Engineers
47:05 Chieftains
47:41 Hoardings
48:05 Murder Holes
52:51 Bracer
rpp396
6:45 Loom
12:52 Feudal Age
16:18 Double-Bit Axe
17:18 Gold Mining
17:18 Loom
17:31 Arson
20:23 Castle Age
18:38 Scale Mail Armor
18:48 Forging
18:25 Fishing Lines
19:36 Fletching
20:24 Stone Mining
22:46 Squires
22:49 Padded Archer Armor
25:52 Bow Saw
27:43 Horse Collar
32:53 Scale Barding Armor
35:42 Bodkin Arrow
36:04 Chain Mail Armor
36:27 Iron Casting
36:08 Chain Mail Armor
42:40 Imperial Age
39:43 Elite Skirmisher
41:18 Wheelbarrow
41:23 Leather Archer Armor
45:33 Two-Man Saw
44:34 Heavy Plow
45:01 Logistica
45:12 Conscription
45:55 Chemistry
47:08 Crop Rotation
46:41 Bracer
47:12 Ring Archer Armor
48:59 Hand Cart
FedEx
5:36 Loom
13:46 Feudal Age
17:42 Castle Age
15:45 Fishing Lines
17:03 Double-Bit Axe
17:33 Town Watch
17:46 Gold Mining
18:15 Scale Barding Armor
18:45 Horse Collar
23:29 Fletching
24:42 Bodkin Arrow
25:06 Bloodlines
30:06 Imperial Age
28:18 Bow Saw
35:02 Husbandry
37:38 Chain Barding Armor
36:58 Heavy Camel Rider
38:25 Forging
39:51 Plate Barding Armor
40:50 Cavalier
Connection lost

Rejoining the realm…

Still unreachable

The connection could not be restored.

Session expired

The server has moved on; the page needs a fresh start.